[Event "Team 45 45 League T76"]
[Site "Internet Chess Club"]
[Date "2018.04.29"]
[Round "6"]
[White "PatrickFish"]
[Black "Goli"]
[Result "1-0"]
[WhiteElo "1552"]
[BlackElo "1690"]
[Opening "King's Indian: orthodox, Aronin-Taimanov variation (Yugoslav attack / Mar del Plata variation)"]
[ECO "E97"]
[Time "10:01:20"]
[TimeControl "2700+45"]

1. e4 g6 2. d4 Bg7 3. c4 d6 4. Nc3 Nf6 5. Nf3 O-O 6. Be2 Nc6 7. O-O e5 8. d5 Ne7
9. Bd2 a5 10. Qc2 Nd7 11. a3 f5 12. Ng5 Nf6 13. f3 h6 14. Ne6 Bxe6 15. dxe6 f4
16. Be1 b6 17. Bf2 Nh7 18. b4 Ng5 19. c5 axb4 20. axb4 bxc5 21. bxc5 Nxe6 22.
Qb3 Qd7 23. Bb5 c6 24. Bc4 d5 25. exd5 cxd5 26. Nxd5 Nxd5 27. Bxd5 Rae8 28. Ra6
Rf6 29. Rd1 Qe7 30. Bxe6+ Rxe6 31. Rdd6 Kf7 32. Rxe6 Qxe6 33. Rxe6 Rxe6 34. c6
Ke7 35. Bc5+ Kf6 36. c7 Rc6 37. Qb6 Rxb6 38. Bxb6 {Black resigns} 1-0

[Event "Team 45 45 League T76"]
[Site "Internet Chess Club"]
[Date "2018.05.04"]
[Round "6"]
[White "skywise"]
[Black "AVEMARIA"]
[Result "1/2-1/2"]
[WhiteElo "1557"]
[BlackElo "1593"]
[Opening "Caro-Kann: advance variation"] [ECO "B12"] [NIC "CK.04"] [Time "19:03:53"] [TimeControl "2700+5"]

1. e4 c6 2. d4 d5 3. e5 Bf5 4. Nf3 e6 5. Be2 c5 6. c3 Nc6 7. O-O cxd4 8. cxd4
Bb4 9. Bd2 Bxd2 10. Nbxd2 Nge7 11. Nb3 O-O 12. Nc5 b6 13. Nb7 Qb8 14. Nd6 Bg6
15. Qa4 a6 16. Rac1 b5 17. Qb3 Qb6 18. Qc3 b4 19. Qc5 Rfb8 20. Rfd1 Bh5 21. h3
Bxf3 22. Bxf3 Ra7 23. Bg4 g6 24. h4 h5 25. Bh3 Kg7 26. Ne8+ Kf8 27. Nf6 Qxc5 28.
Rxc5 Rb5 29. Rc2 a5 30. g4 hxg4 31. Bxg4 a4 32. h5 b3 33. Re2 bxa2 34. h6 Nxd4
35. Re3 Rb3 36. Ree1 Nc2 37. Re4 a1=Q 38. Rxa1 Nxa1 39. Re1 Nf5 40. Bxf5 gxf5
41. Rxa1 Rh3 42. h7 Kg7 43. Kg2 Rh6 44. Kf3 Rxf6 45. Rh1 Ra8 46. h8=Q+ Rxh8 47.
exf6+ Kg8 48. Rg1+ Kf8 49. Rc1 Kg8 50. Rg1+ Kf8 51. Rc1 Kg8 52. Rg1+ {Game drawn
by repetition} 1/2-1/2

[Event "Team 45 45 League T76"]
[Site "Internet Chess Club"]
[Date "2018.04.29"]
[Round "6"]
[White "tightfist"]
[Black "dinosaurchess"]
[Result "0-1"]
[WhiteElo "1420"]
[BlackElo "1365"]
[Opening "English: four knights, Nimzovich variation"]
[ECO "A28"]
[Time "21:01:29"]
[TimeControl "2700+45"]

1. Nf3 Nc6 2. c4 e5 3. Nc3 Nf6 4. e4 a6 5. d4 exd4 6. Nxd4 Bb4 7. Nxc6 Bxc3+ 8.
bxc3 bxc6 9. Bd3 h6 10. O-O O-O 11. Bf4 Re8 12. Re1 d5 13. f3 Be6 14. cxd5 cxd5
15. Qc2 c6 16. Rad1 Qb6+ 17. Be3 Qa5 18. Bd2 dxe4 19. c4 exd3 20. Qxd3 Qxa2 21.
Be3 Bxc4 22. Qd6 Bd5 23. Bxh6 Qa5 24. Bd2 Qb6+ 25. Kh1 Rxe1+ 26. Rxe1 Qd4 27.
Be3 Qd3 28. Qg3 Re8 29. Bf2 Rxe1+ 30. Bxe1 Qf1# {White checkmated} 0-1

[Event "Team 45 45 League T76"]
[Site "Internet Chess Club"]
[Date "2018.04.28"]
[Round "6"]
[White "zap2"]
[Black "PolishRyszard"]
[Result "1/2-1/2"]
[WhiteElo "1649"]
[BlackElo "1801"]
[Opening "Réti opening"]
[ECO "A04"]
[Time "04:36:46"]
[TimeControl "2700+45"]

1. Nf3 d6 2. d3 g6 3. g3 Bg7 4. Bg2 c5 5. Nbd2 e6 6. e4 Ne7 7. O-O Nbc6 8. c3
O-O 9. Re1 Rb8 10. a4 a6 11. Nf1 b5 12. axb5 axb5 13. Be3 Bd7 14. Qd2 Na5 15.
Qc2 Qc7 16. N3d2 b4 17. f4 Rfe8 18. Bf2 bxc3 19. bxc3 Rb5 20. Reb1 Reb8 21. Ne3
Bc6 22. Rxb5 Bxb5 23. Rb1 Bd7 24. Rxb8+ Qxb8 25. Nec4 Nxc4 26. Nxc4 Nc6 27. Be3
{Game drawn by mutual agreement} 1/2-1/2

[Event "Team 45 45 League T76"]
[Site "Internet Chess Club"]
[Date "2018.04.30"]
[Round "6"]
[White "cadmiumorange"]
[Black "elessar"]
[Result "0-1"]
[WhiteElo "1831"]
[BlackElo "1611"]
[Opening "Petrov: Cochrane gambit"]
[ECO "C42"]
[Time "14:00:42"]
[TimeControl "2700+45"]

1. e4 e5 2. Nf3 Nf6 3. Nxe5 d6 4. Nxf7 Kxf7 5. d4 g6 6. Bc4+ Kg7 7. Nc3 Be7 8.
Qd2 Rf8 9. Qh6+ Kh8 10. f3 c6 11. Bd2 b5 12. Bd3 Qb6 13. Ne2 Be6 14. e5 Ng8 15.
Qe3 Bf7 16. h4 dxe5 17. Qxe5+ Bf6 18. Qd6 Qd8 19. Qg3 Na6 20. a4 Nc7 21. Ba5 Rc8
22. axb5 Qe7 23. bxc6 Bxd4 24. O-O-O Bxb2+ 25. Kd2 Rfe8 26. c3 Bb3 27. Rde1 Qe3#
{White checkmated} 0-1

[Event "Team 45 45 League T76"]
[Site "Internet Chess Club"]
[Date "2018.04.30"]
[Round "6"]
[White "Constrictor"]
[Black "zethhon"]
[Result "1-0"]
[WhiteElo "1569"]
[BlackElo "1313"]
[Opening "Réti: Nimzovich-Larsen attack"]
[ECO "A06"]
[Time "20:31:54"]
[TimeControl "2700+45"]

1. Nf3 d5 2. b3 Nf6 3. Bb2 e6 4. e3 Be7 5. c4 O-O 6. Nc3 b6 7. Qc2 Bb7 8. Be2 c5
9. O-O-O Nbd7 10. Bd3 Qc7 11. Nb5 Qc8 12. Ne5 Nxe5 13. Bxe5 dxc4 14. bxc4 h6 15.
Nd6 Qc7 16. Bxf6 Bxd6 17. Bb2 Bxg2 18. Rhg1 Bf3 19. Rxg7+ Kh8 20. Rh7+ Kg8 21.
Rg1+ Bg3 22. Rxg3+ Qxg3 23. hxg3 f5 24. Rg7+ Kh8 25. Rxa7+ Kg8 26. Qa4 {Black
resigns} 1-0

[Event "Team 45 45 League T76"]
[Site "Internet Chess Club"]
[Date "2018.05.01"]
[Round "6"]
[White "herrahuu"]
[Black "Hal2001"]
[Result "1-0"]
[WhiteElo "1484"]
[BlackElo "1509"]
[Opening "Robatsch (modern) defense"]
[ECO "B06"]
[Time "13:05:40"]
[TimeControl "2700+45"]

1. e4 g6 2. f4 Bg7 3. Nf3 c5 4. g3 Nc6 5. Bb5 Qb6 6. Bxc6 Qxc6 7. O-O Qxe4 8. d3
Qc6 9. Nbd2 d5 10. Ne5 Qc7 11. Qe1 Nf6 12. Ndf3 Ng4 13. Nxg4 Bxg4 14. Ne5 Be6
15. Nf3 O-O-O 16. c3 h6 17. Ne5 Qd6 18. Bd2 Bf5 19. Nxf7 Qd7 20. Nxh8 Bxh8 21.
d4 cxd4 22. cxd4 Bxd4+ 23. Be3 Bxb2 24. Bxa7 Bxa1 25. Qxa1 Qd6 26. Rc1+ Kd7 27.
Qb2 Qa6 28. Bb6 Rc8 29. Rxc8 Kxc8 30. Qh8+ Kd7 31. Qd8+ Ke6 32. Bc5 Kf7 33.
Qxe7+ Kg8 34. Qe8+ Kh7 35. Qf7+ Kh8 36. Bd4+ {Black resigns} 1-0

[Event "Team 45 45 League T76"]
[Site "Internet Chess Club"]
[Date "2018.04.29"]
[Round "6"]
[White "Ajolote"]
[Black "krysto"]
[Result "1-0"]
[WhiteElo "1831"]
[BlackElo "1552"]
[Opening "French: Chigorin variation"]
[ECO "C00"]
[Time "13:04:46"]
[TimeControl "2700+45"]

1. e4 e6 2. Qe2 Be7 3. Nf3 d5 4. exd5 exd5 5. g3 Nf6 6. Bg2 O-O 7. O-O Re8 8. d4
b6 9. Bf4 Ba6 10. Qd1 Bxf1 11. Qxf1 c5 12. c4 Nc6 13. Nc3 Rc8 14. Bh3 Ra8 15.
Bg2 Nxd4 16. Nxd4 cxd4 17. Nxd5 Rc8 18. Nxf6+ Bxf6 19. Bb7 Rc5 20. b4 Rf5 21.
Qd3 Rxf4 22. gxf4 Qd7 23. Qf3 Rd8 24. Bd5 b5 25. Bc6 Qf5 26. Be4 Qd7 27. Bc6 Qf5
28. Be4 Qd7 29. c5 d3 30. Rd1 d2 31. c6 Qd6 32. a3 Bb2 33. Qh5 g6 34. Qd5 Qc7
35. Qg5 Bxa3 36. f5 Bxb4 37. fxg6 hxg6 38. Qxb5 a5 39. Qc4 Qc8 40. Bxg6 Qe6 41.
Qxe6 fxe6 42. Bc2 Kf7 43. Kf1 Ra8 44. Ba4 Rh8 45. Ke2 Rxh2 46. c7 Rh8 47. Bd7
Ke7 48. c8=Q Rxc8 49. Bxc8 Kd6 50. Ba6 e5 51. Bc4 Kc5 52. Bb3 Kd4 53. Rxd2+ Bxd2
54. Kxd2 Ke4 55. Ke2 Kf4 56. Ba4 Ke4 57. Bb3 Kf4 58. Bc2 Kg5 59. Ke3 Kf6 60. Ke4
Ke6 61. Bb3+ Kf6 62. f3 Ke7 63. Kxe5 Kf8 64. f4 Ke7 65. f5 Kf8 66. Kf6 {Black
resigns} 1-0

[Event "Team 45 45 League T76"]
[Site "Internet Chess Club"]
[Date "2018.04.30"]
[Round "6"]
[White "scostanzo212"]
[Black "Insan996"]
[Result "1-0"]
[WhiteElo "1550"]
[BlackElo "1628"]
[Opening "Nimzo-Indian: 4.e3 c5"]
[ECO "E41"]
[Time "19:09:53"]
[TimeControl "2700+45"]

1. d4 Nf6 2. c4 e6 3. Nc3 Bb4 4. e3 c5 5. Nf3 O-O 6. Be2 b6 7. O-O Bb7 8. Qc2
Bxc3 9. bxc3 Be4 10. Qd1 d6 11. Bd3 Nbd7 12. Bxe4 Nxe4 13. Qc2 Ndf6 14. Nd2 Nxd2
15. Bxd2 Rc8 16. Rfc1 d5 17. cxd5 Qxd5 18. Qb3 c4 19. Qc2 Rfd8 20. f3 h6 21. e4
Qh5 22. Qa4 Qa5 23. Qxa5 bxa5 24. Rab1 Rb8 25. Bf4 Rxb1 26. Rxb1 g5 27. Bc7 Rc8
28. Bxa5 Nd7 29. Rb7 Nb8 30. Rxa7 Nc6 31. Rc7 Rxc7 32. Bxc7 Kf8 33. Kf2 Na7 34.
Ba5 Ke7 35. Kg3 f5 36. Bb4+ Kd7 37. exf5 exf5 38. f4 Nc6 39. a3 Ke6 40. fxg5
hxg5 41. h4 gxh4+ 42. Kxh4 Na7 43. Kg5 Nc8 44. g4 fxg4 45. Kxg4 Nb6 46. Kf4 Kd5
47. Kf5 Na4 48. Ba5 Nb2 49. Kf6 Na4 50. Bb4 Nb6 51. Ke7 Na4 52. Kd7 Ke4 53. Kc6
Kd3 54. d5 Nxc3 55. Bxc3 Kxc3 56. d6 Kb3 57. d7 c3 58. d8=Q c2 59. Qd3+ Kb2 60.
Qxc2+ Kxc2 {Black resigns} 1-0

[Event "Team 45 45 League T76"]
[Site "Internet Chess Club"]
[Date "2018.04.27"]
[Round "6"]
[White "JPSVI"]
[Black "ryanfu2008"]
[Result "0-1"]
[WhiteElo "1343"]
[BlackElo "1531"]
[Opening "Réti: King's Indian attack"]
[ECO "A05"]
[Time "19:31:06"]
[TimeControl "2700+45"]

1. Nf3 Nf6 2. g3 g6 3. Bg2 Bg7 4. O-O O-O 5. d3 d5 6. Nbd2 c5 7. e4 dxe4 8. Nxe4
Nxe4 9. dxe4 Qb6 10. c3 Rd8 11. Qe2 Nc6 12. Bg5 Qc7 13. Rfd1 Be6 14. Qe3 b6 15.
Bf4 Qb7 16. Ng5 Rxd1+ 17. Rxd1 Bxa2 18. e5 h6 19. Qf3 hxg5 20. Qxc6 Qxc6 21.
Bxc6 Rc8 22. Bd7 Rd8 23. Bxg5 Be6 24. Ba4 Rxd1+ 25. Bxd1 Bxe5 26. Bxe7 f5 27.
Be2 Kf7 28. Bg5 Bd7 29. Bc4+ Be6 30. Ba6 Bd5 31. Kf1 Ke6 32. Ke2 Kd6 33. Bb5 Bc6
34. Bc4 b5 35. Bf7 b4 36. cxb4 cxb4 37. Bxg6 Bxb2 38. Bxf5 b3 39. Bf4+ Ke7 40.
h4 a5 41. Kd1 a4 42. Bc1 Bxc1 43. Kxc1 a3 44. Kb1 Kf6 45. g4 Bf3 46. h5 Kg5 47.
Ka1 Bd1 48. f4+ Kh6 49. Kb1 Bc2+ 50. Bxc2 a2+ {White resigns} 0-1

[Event "Team 45 45 League T76"]
[Site "Internet Chess Club"]
[Date "2018.04.28"]
[Round "6"]
[White "searchforbobby1"]
[Black "MovingDutchman"]
[Result "1/2-1/2"]
[WhiteElo "2051"]
[BlackElo "2101"]
[Opening "Four knights: Scotch, 4...exd4"]
[ECO "C47"]
[Time "17:16:49"]
[TimeControl "2700+45"]

1. e4 e5 2. Nf3 Nf6 3. Nc3 Nc6 4. d4 exd4 5. Nxd4 Bc5 6. Nxc6 bxc6 7. Bd3 d5 8.
exd5 cxd5 9. O-O O-O 10. Bg5 c6 11. Qf3 Be6 12. h3 h6 13. Bh4 Be7 14. Rae1 Re8
15. Ne2 Qb6 16. Nf4 Nd7 17. Bxe7 Rxe7 18. Nh5 Qxb2 19. Qg3 Kf8 20. Qd6 Re8 21.
Re3 Qb8 22. Qxc6 d4 23. Re2 Qb4 24. Rfe1 Nc5 25. Nf4 Nxd3 26. cxd3 Bd7 27. Qf3
Kg8 28. Nd5 Rxe2 29. Nxb4 Rxe1+ 30. Kh2 R8e2 31. Qd5 Be6 32. Qxd4 Rf1 33. Kg3 a5
34. Nc6 Rfxf2 35. Qxf2 Rxf2 36. Kxf2 Bxa2 37. Nxa5 {Game drawn by mutual
agreement} 1/2-1/2

[Event "Team 45 45 League T76"]
[Site "Internet Chess Club"]
[Date "2018.04.29"]
[Round "6"]
[White "texasnurse"]
[Black "SlimeDog2"]
[Result "1-0"]
[WhiteElo "2143"]
[BlackElo "2025"]
[Opening "Vienna: Paulsen-Mieses variation"]
[ECO "C26"]
[Time "17:16:02"]
[TimeControl "2700+45"]

1. e4 e5 2. Nc3 Nf6 3. g3 d5 4. exd5 Nxd5 5. Bg2 Be6 6. Nf3 Nc6 7. O-O Bd6 8. d4
Nxc3 9. bxc3 exd4 10. Ng5 dxc3 11. Nxe6 fxe6 12. Rb1 O-O 13. Rxb7 Ne5 14. Be3
Qf6 15. f4 Nc4 16. Bd4 Qf5 17. Qe2 Nd2 18. Rb5 Qxc2 19. Qxe6+ Kh8 20. Rg5 Rg8
21. Rxg7 Rxg7 22. Bxa8 {Black resigns} 1-0

[Event "Team 45 45 League T76"]
[Site "Internet Chess Club"]
[Date "2018.04.29"]
[Round "6"]
[White "ArturitoGalacti"]
[Black "cool64chess"]
[Result "1/2-1/2"]
[WhiteElo "1894"]
[BlackElo "1917"]
[Opening "Catalan: closed, 5.Nf3"]
[ECO "E06"]
[Time "14:01:55"]
[TimeControl "2700+45"]

1. c4 e6 2. g3 d5 3. Bg2 Nf6 4. Nf3 Be7 5. d4 O-O 6. Nbd2 b6 7. O-O Bb7 8. b3
dxc4 9. Nxc4 c5 10. Bb2 Nbd7 11. Rc1 Rc8 12. dxc5 Nxc5 13. Nce5 Nce4 14. Ng5 Bd5
15. Nxe4 Nxe4 16. Nd3 Rxc1 17. Qxc1 Bf6 18. Nf4 Ba8 19. Qa1 Bxb2 20. Qxb2 Nd2
21. Rc1 Bxg2 22. Kxg2 Ne4 23. Qc2 Nc5 24. Rd1 Qa8+ 25. f3 Rd8 26. e4 Qc8 27.
Rxd8+ Qxd8 28. b4 Na6 29. a3 h6 30. Qd3 Qxd3 31. Nxd3 Kf8 32. Kf2 Ke7 33. Ke3
Nc7 34. a4 Kd6 35. Kd4 e5+ 36. Kc4 a6 37. a5 b5+ 38. Kc3 Ne6 39. Kd2 {Game drawn
by mutual agreement} 1/2-1/2

[Event "Team 45 45 League T76"]
[Site "Internet Chess Club"]
[Date "2018.04.26"]
[Round "6"]
[White "justice02"]
[Black "cysk"]
[Result "1/2-1/2"]
[WhiteElo "1709"]
[BlackElo "1759"]
[Opening "Scandinavian: Pytel-Wade variation"]
[ECO "B01"]
[Time "22:25:33"]
[TimeControl "2700+45"]

1. e4 d5 2. exd5 Qxd5 3. Nc3 Qd6 4. d4 Nf6 5. Nf3 a6 6. h3 Bf5 7. Bd3 Bxd3 8.
Qxd3 Nc6 9. a3 e6 10. Ne2 Be7 11. O-O O-O-O 12. b4 Kb8 13. b5 axb5 14. Qxb5 Na7
15. Qb3 Qa6 16. c4 Nc6 17. Bf4 Na5 18. Qb5 Qxb5 19. cxb5 Nd5 20. Bh2 h5 21. Rfb1
f6 22. b6 Bd6 23. bxc7+ Bxc7 24. Bxc7+ Kxc7 25. Rb5 b6 26. Rc1+ Kd7 27. Nh4 g5
28. Nf5 Nc7 29. Rxb6 exf5 30. Rc5 Ra8 31. Rxf6 Rh7 32. Rb6 Re7 33. Ng3 Ne6 34.
Rd5+ Kc7 35. Rbb5 Nc6 36. Nxf5 Ree8 37. Nd6 Reb8 38. Rxb8 Kxb8 39. Rb5+ Kc7
{Game drawn by mutual agreement} 1/2-1/2

[Event "Team 45 45 League T76"]
[Site "Internet Chess Club"]
[Date "2018.04.27"]
[Round "6"]
[White "HomerSimpson"]
[Black "primerpaso"]
[Result "1-0"]
[WhiteElo "2029"]
[BlackElo "1869"]
[Opening "Queen's pawn game"]
[ECO "D00"]
[Time "15:36:34"]
[TimeControl "2700+45"]

1. d4 Nf6 2. Nc3 d5 3. Bf4 g6 4. e3 Bg7 5. Be2 O-O 6. h4 h5 7. Nf3 Bg4 8. Ne5
Bxe2 9. Qxe2 Nbd7 10. O-O-O c6 11. f3 Re8 12. g4 Nf8 13. Rdg1 Ne6 14. Bg5 hxg4
15. fxg4 Nxg5 16. hxg5 Nd7 17. Nxf7 Kxf7 18. Rf1+ Ke6 19. Rh7 Rg8 20. e4 Kd6 21.
Qh2+ e5 22. dxe5+ Nxe5 23. exd5 Qxg5+ 24. Kb1 cxd5 25. Rd1 Rae8 26. Ne4+ {Black
resigns} 1-0

[Event "Team 45 45 League T76"]
[Site "Internet Chess Club"]
[Date "2018.04.28"]
[Round "6"]
[White "janh"]
[Black "Sloggi"]
[Result "1-0"]
[WhiteElo "1922"]
[BlackElo "1880"]
[Opening "Caro-Kann: two knights, 3...Bg4"]
[ECO "B11"]
[Time "23:45:31"]
[TimeControl "2700+45"]

1. e4 c6 2. Nc3 d5 3. Nf3 Bg4 4. h3 Bxf3 5. Qxf3 e6 6. d4 dxe4 7. Qxe4 Nf6 8.
Qd3 Na6 9. a3 Be7 10. Be2 O-O 11. O-O c5 12. Be3 cxd4 13. Bxd4 Bc5 14. Rad1 Qxd4
15. Qxd4 Bxd4 16. Rxd4 Nc7 17. Bf3 Rab8 18. Rfd1 h6 19. Ne4 Ncd5 20. Ra4 a6 21.
c4 Nxe4 22. cxd5 exd5 23. Rxd5 Nf6 24. Rd6 Rfc8 25. Rb6 Rc7 26. Rab4 Kf8 27.
Rxa6 Nd7 28. Ra7 Ne5 29. Be4 f5 30. Ra5 Re7 31. f4 fxe4 32. Rxe5 Rxe5 33. fxe5
e3 34. Re4 Kf7 35. e6+ Ke7 36. Rxe3 g5 37. Kf2 Rc8 38. Kf3 Rc2 39. Rb3 Kxe6 40.
Rxb7 Kf5 41. a4 h5 42. Rb5+ Kf6 43. a5 Rc4 44. b4 Rc3+ 45. Ke4 Rg3 46. a6 Rxg2
47. a7 Re2+ 48. Kf3 {Black forfeits on time} 1-0

[Event "Team 45 45 League T76"]
[Site "Internet Chess Club"]
[Date "2018.04.25"]
[Round "6"]
[White "charles-allen"]
[Black "ANGELLR"]
[Result "1-0"]
[WhiteElo "1865"]
[BlackElo "1854"]
[Opening "Queen's pawn: Chigorin variation"]
[ECO "D00"]
[Time "20:00:56"]
[TimeControl "2700+45"]

1. d4 d5 2. Nc3 Bf5 3. Bf4 Nf6 4. f3 h5 5. e3 e6 6. Bd3 Bxd3 7. Qxd3 c6 8. O-O-O
Bb4 9. Nge2 Nbd7 10. e4 dxe4 11. fxe4 Qa5 12. e5 Nd5 13. Nxd5 cxd5 14. a3 Be7
15. Bd2 Qc7 16. Rhf1 Rc8 17. Nc3 a6 18. Qf3 f5 19. Qg3 Kf8 20. Rf3 b5 21. Bg5
Bxg5+ 22. Qxg5 Nb6 23. b3 Qe7 24. Qxe7+ Kxe7 25. Ne2 g5 26. g3 Rc6 27. Rc3 Rhc8
28. Rxc6 Rxc6 29. h4 Rc8 30. hxg5 Rg8 31. Rh1 Rxg5 32. Nf4 Rxg3 33. Rxh5 Kf7 34.
Rh7+ Rg7 35. Rxg7+ Kxg7 36. Nxe6+ Kg6 37. Kd2 Kh5 38. Ke3 Kg4 39. Nf4 a5 40. e6
Nc8 41. Nxd5 Nd6 42. e7 Kg5 43. Nc7 Kg4 44. e8=Q Nxe8 45. Nxe8 Kg3 46. Ke2 Kg2
47. Nf6 f4 48. Ne4 f3+ 49. Kd3 Kf1 50. d5 Ke1 51. d6 {Black resigns} 1-0

[Event "Team 45 45 League T76"]
[Site "Internet Chess Club"]
[Date "2018.04.25"]
[Round "6"]
[White "VictorRed"]
[Black "tightfist"]
[Result "0-1"]
[WhiteElo "1725"]
[BlackElo "1417"]
[Opening "Queen's pawn game"]
[ECO "A46"]
[Time "21:47:06"]
[TimeControl "2700+45"]

1. d4 Nf6 2. Nf3 e6 3. Nc3 d5 4. Bg5 Be7 5. e3 Nbd7 6. Bb5 O-O 7. Bd3 c5 8. O-O
b6 9. b3 Bb7 10. Bf4 Rc8 11. Nb5 a6 12. Nd6 Bxd6 13. Bxd6 Re8 14. Bg3 c4 15. Be2
Ne4 16. Bh4 g5 17. Bg3 Nxg3 18. fxg3 f6 19. Nd2 b5 20. Bh5 Rf8 21. h4 f5 22.
hxg5 Qxg5 23. Qf3 Nf6 24. g4 fxg4 {White resigns} 0-1

[Event "Team 45 45 League T76"]
[Site "Internet Chess Club"]
[Date "2018.04.29"]
[Round "6"]
[White "SlimeDog2"]
[Black "cool64chess"]
[Result "1-0"]
[WhiteElo "2037"]
[BlackElo "1918"]
[Opening "QGD: exchange, positional line"]
[ECO "D35"]
[Time "01:03:14"]
[TimeControl "2700+45"]

1. d4 d5 2. c4 e6 3. Nc3 Nf6 4. cxd5 exd5 5. Bg5 Be7 6. e3 c6 7. Bd3 O-O 8. Nge2
Nbd7 9. Qc2 Re8 10. f3 h6 11. Bh4 Bd6 12. e4 dxe4 13. fxe4 c5 14. e5 cxd4 15.
exf6 g5 16. Bc4 Nf8 17. O-O-O dxc3 18. Bg3 Qc7 19. Qxc3 Bxg3 20. hxg3 Bf5 21.
Nd4 Bg4 22. Nb5 Qc6 23. Nd6 Bxd1 24. Bxf7+ Kh7 25. Qxc6 bxc6 26. Bxe8 Bg4 27.
Bxc6 Rd8 28. Be4+ Kg8 29. Nf5 Bxf5 30. Bxf5 Kf7 31. Rxh6 Rd6 32. Kc2 Rxf6 33.
Rxf6+ Kxf6 34. g4 Ke5 35. Kd3 {Black resigns} 1-0

[Event "Team 45 45 League T76"]
[Site "Internet Chess Club"]
[Date "2018.04.30"]
[Round "6"]
[White "A4-H5"]
[Black "backrankbrawler"]
[Result "1/2-1/2"]
[WhiteElo "1783"]
[BlackElo "1704"]
[Opening "QGD semi-Slav: 5.e3"]
[ECO "D45"]
[Time "21:10:23"]
[TimeControl "2700+45"]

1. c4 e6 2. Nf3 Nf6 3. d4 d5 4. e3 c6 5. Nc3 Bd6 6. g4 Nbd7 7. g5 Ng8 8. Qc2 Ne7
9. Bd3 dxc4 10. Bxc4 Nd5 11. e4 Nxc3 12. bxc3 e5 13. Be3 O-O 14. Rd1 Qc7 15. Bb3
exd4 16. cxd4 Bf4 17. e5 Bxe3 18. fxe3 Qa5+ 19. Nd2 c5 20. g6 hxg6 21. Qxg6 Qc3
22. Rg1 Qxe3+ 23. Kf1 Qh3+ 24. Ke2 Qxh2+ 25. Kd3 Qh3+ 26. Rg3 Qh7 27. Qxh7+ Kxh7
28. Rh1+ Kg8 29. Rgh3 Nxe5+ 30. dxe5 Bxh3 31. Rxh3 Rad8+ 32. Kc2 b5 33. e6 c4
34. e7 cxb3+ 35. Kxb3 Rfe8 36. exd8=R Rxd8 37. Ne4 f6 38. Rh5 a6 39. Nc5 Rd6 40.
Kb4 Rd2 41. Nxa6 Rxa2 42. Kxb5 g6 43. Rh1 g5 44. Nb4 Rd2 45. Kc4 Kg7 46. Nd3 Kg6
47. Kd4 Re2 48. Rg1 Re8 49. Nf4+ Kf5 50. Nd5 Re4+ 51. Kd3 Re6 52. Rf1+ Kg6 53.
Rg1 Re8 54. Nf4+ Kf5 55. Nd5 Rd8 56. Kd4 Ke6 57. Re1+ Kf5 58. Rf1+ Ke6 59. Rxf6+
Kd7 60. Rg6 g4 61. Rxg4 Ke6 62. Rg6+ Kf5 63. Rf6+ Kg5 64. Rf1 Kg4 65. Ke5 Re8+
66. Kd6 Rd8+ 67. Ke6 Re8+ 68. Kd7 Re5 69. Nf6+ Kg5 70. Kd6 Re2 71. Nd5 {Game
drawn by mutual agreement} 1/2-1/2

[Event "Team 45 45 League T76"]
[Site "Internet Chess Club"]
[Date "2018.04.30"]
[Round "6"]
[White "swagnik"]
[Black "kllrchris"]
[Result "1/2-1/2"]
[WhiteElo "1599"]
[BlackElo "1659"]
[Opening "Sicilian: Grand Prix attack"]
[ECO "B23"]
[Time "16:43:53"]
[TimeControl "2700+45"]

1. e4 c5 2. Nc3 Nc6 3. f4 g6 4. Nf3 Bg7 5. Bb5 Nd4 6. O-O Nxb5 7. Nxb5 d5 8. d3
a6 9. Nc3 Bxc3 10. bxc3 dxe4 11. dxe4 Qxd1 12. Rxd1 Nf6 13. e5 Ne4 14. Bb2 Bg4
15. Rd3 O-O 16. Re1 f5 17. exf6 Nxf6 18. Rxe7 c4 19. Rd4 Rad8 20. Rxb7 Nh5 21.
Ba3 Bxf3 22. gxf3 Rxd4 23. cxd4 Rxf4 24. Rb8+ Kg7 25. Rb7+ Kg8 26. Rb8+ Kf7 27.
Rf8+ Ke6 28. Rxf4 Nxf4 29. Kf2 a5 30. Bc5 Kd5 31. a4 Ne6 32. c3 Nxc5 33. dxc5 g5
34. Kg3 h5 35. h4 gxh4+ 36. Kxh4 Kxc5 37. Kxh5 Kd5 38. Kg5 Ke5 39. f4+ Ke4 40.
f5 Kd3 41. f6 Kxc3 42. f7 Kb2 43. f8=Q c3 44. Qb8+ Ka2 45. Qh2+ Kb3 46. Qf4 Kb2
47. Qf2+ c2 48. Qd4+ Kb1 49. Qd3 Kb2 50. Qb5+ Ka3 51. Qc5+ Kb2 52. Qe5+ Kb1 53.
Qb8+ Ka2 54. Qg8+ Kb2 55. Qg7+ Kb1 56. Qb7+ Ka2 57. Qd5+ Kb2 58. Qd4+ Kb1 59.
Qd3 Kb2 60. Qd2 Kb1 61. Qd3 Kb2 62. Qb5+ Ka2 63. Qc4+ Kb2 64. Qd4+ {Game drawn
by repetition} 1/2-1/2

[Event "Team 45 45 League T76"]
[Site "Internet Chess Club"]
[Date "2018.04.29"]
[Round "6"]
[White "Manas"]
[Black "justice02"]
[Result "0-1"]
[WhiteElo "1718"]
[BlackElo "1726"]
[Opening "French: Albin-Alekhine-Châtard attack"]
[ECO "C13"]
[Time "22:00:58"]
[TimeControl "2700+45"]

1. e4 e6 2. d4 d5 3. Nc3 Nf6 4. Bg5 Be7 5. e5 Nfd7 6. h4 h6 7. Bxe7 Qxe7 8. Qg4
a6 9. Qxg7 Qf8 10. Qxf8+ Rxf8 11. f4 c5 12. Nf3 Rg8 13. Rd1 Nc6 14. Ne2 b5 15.
Rg1 Rg4 16. g3 Bb7 17. Bh3 Rg7 18. f5 cxd4 19. fxe6 Ndxe5 20. Nfxd4 Nxd4 21.
Nxd4 fxe6 22. Kd2 Nc4+ 23. Kc1 e5 24. Nf5 Rg6 25. h5 Rf6 26. Rge1 e4 27. b3 Ne5
28. Ne3 Rd8 29. Nf5 Rc6 30. Nd4 Rc3 31. Nf5 Bc8 32. Ng7+ Kf7 33. Nf5 Nd3+ 34.
Rxd3 exd3 35. Kd2 Rxc2+ 36. Kxd3 Bxf5+ 37. Bxf5 Rxa2 38. Re6 Rf2 39. g4 Rf3+ 40.
Kd4 Rxb3 41. Rxh6 a5 42. Rh7+ Kg8 43. h6 Rb4+ 44. Kd3 Rxg4 45. Rb7 Rg5 46. Be6+
Kh8 47. Rxb5 a4 48. Ra5 a3 49. Kd4 Rg6 50. Bf5 Rxh6 51. Rxa3 Rh4+ 52. Kd3 d4 53.
Ra7 Rd6 54. Re7 Rhh6 55. Re4 Rhf6 56. Bg4 Kg7 57. Rxd4 Rxd4+ 58. Kxd4 Rf4+
{White resigns} 0-1

[Event "Team 45 45 League T76"]
[Site "Internet Chess Club"]
[Date "2018.04.30"]
[Round "6"]
[White "fishhead"]
[Black "PolishRyszard"]
[Result "1-0"]
[WhiteElo "1694"]
[BlackElo "1779"]
[Opening "King's pawn opening"]
[ECO "B07"]
[Time "12:01:20"]
[TimeControl "2700+45"]

1. e4 d6 2. f4 g6 3. Nf3 Bg7 4. d4 Nf6 5. Bd3 O-O 6. O-O Nbd7 7. f5 c5 8. c3
cxd4 9. cxd4 Qb6 10. Kh1 a6 11. Nc3 Qa7 12. Be3 b5 13. fxg6 hxg6 14. Qd2 Bb7 15.
e5 Nd5 16. Nxd5 Bxd5 17. Ng5 e6 18. Qf2 Bh6 19. Nxf7 Bxe3 20. Qh4 Kg7 21. Qg4
Nxe5 22. dxe5 Rxf7 23. Qxg6+ Kf8 24. Rxf7+ Qxf7 25. Rf1 Qxf1+ 26. Bxf1 dxe5 27.
Qf6+ Ke8 28. Qxe5 Bc5 29. Qc7 Bd4 30. Be2 Ra7 31. Bh5+ Kf8 32. Qf4+ Kg7 33.
Qxd4+ Kh6 34. Qxa7 {Black resigns} 1-0

[Event "Team 45 45 League T76"]
[Site "Internet Chess Club"]
[Date "2018.04.26"]
[Round "6"]
[White "markcouch0451"]
[Black "room-matt"]
[Result "0-1"]
[WhiteElo "1640"]
[BlackElo "1810"]
[Opening "KGA: bishop's gambit"]
[ECO "C33"]
[Time "11:04:47"]
[TimeControl "2700+45"]

1. e4 e5 2. f4 exf4 3. Bc4 d6 4. d4 g5 5. h4 Bg7 6. hxg5 Qxg5 7. Nf3 Qg3+ 8. Kf1
Nc6 9. Nc3 Bg4 10. Nd5 Bxd4 11. Qe2 O-O-O 12. Bxf4 Bxf3 13. gxf3 Qg6 14. c3 Be5
15. Kf2 Bxf4 16. Nxf4 Qg7 17. Rag1 Qf8 18. Qe3 Re8 19. Bb5 Nge7 20. Bxc6 Nxc6
21. b4 f5 22. b5 Ne5 23. Qxa7 fxe4 24. Qa8+ Kd7 25. Qxb7 Qxf4 26. Rg7+ Re7 27.
Rxe7+ Kxe7 28. Qxc7+ Ke6 29. Rh3 Ra8 30. a3 Rxa3 31. Qc8+ Kd5 32. Qg8+ Nf7 33.
Rh5+ Kc4 34. Qc8+ Kd3 35. Rd5+ Kc2 36. Qh3 e3+ 37. Ke2 Qc4+ 38. Rd3 Qxd3+ {White
resigns} 0-1